St.Louis Blues vs Edmonton Oilers
Created - Friday, April 19, 2024 at 07:01
Goals
|
| St.Louis Blues |
1 |
2 |
0 |
0 |
2 |
4 |
| Edmonton Oilers |
1 |
1 |
1 |
0 |
1 |
3 |
|
Shots
|
| St.Louis Blues |
10 |
11 |
13 |
0 |
4 |
34 |
| Edmonton Oilers |
14 |
13 |
3 |
0 |
4 |
30 |
|
1st period
1. St.Louis Blues , Elias Pettersson 32 (Colton Parayko 15, Alex Pietrangelo 20) at 3:40
2. Edmonton Oilers , Jake DeBrusk 10 (Mikael Backlund 19, Juuse Saros) at 11:29
Penalties :
Ryker Evans (EDM) for Hooking (Minor) at 17:26
2nd period
3. St.Louis Blues , Jack Eichel 13 (Mark Stone 20, Nick Leddy 7) at 3:36
4. St.Louis Blues , Tage Thompson 25 (Elias Pettersson 42, Robert Thomas 45) at 7:29
5. Edmonton Oilers , David Perron 19 (Adrian Kempe 37, Boone Jenner 33) at 8:01
Penalties :
Scott Mayfield (EDM) for Delaying the game (Minor) at 1:51, Mikhail Sergachev (STL) for Charging (Minor) at 2:08, Ryker Evans (EDM) for Goalie Interference (Minor) at 11:05
3rd period
6. Edmonton Oilers , Jake DeBrusk 11 (Brock Boeser 30, Mikael Backlund 20) at 8:06
Penalties :
Robert Thomas (STL) for High sticking (Minor) at 15:47
Overtime #1
No Goal
Penalties :
No Penalty
Shootout
St.Louis Blues, Elias Pettersson - Stopped by Juuse Saros
Edmonton Oilers, Boone Jenner - Stopped by Scott Wedgewood
St.Louis Blues, Tage Thompson - Goal!
Edmonton Oilers, Adrian Kempe - Stopped by Scott Wedgewood
St.Louis Blues, Robert Thomas - Stopped by Juuse Saros
Edmonton Oilers, Brock Boeser - Goal!
St.Louis Blues, Alex Tuch - Goal!
Edmonton Oilers, Jake DeBrusk - Stopped by Scott Wedgewood
Penalties :
No Penalty
Goalie Stats
Scott Wedgewood (STL), 27 saves from 30 shots - (0.900), W, 10-4-2, 65:00 minutes
Juuse Saros (EDM), 31 saves from 34 shots - (0.912), OTL, 29-19-4, 65:00 minutes
Players Stats for St.Louis Blues
Player Name G A P +/- PIM S H SB GA TA FO MP PP MP PK MP
------------------------------------------------------------------------------------
Adam Pelech 0 0 0 -1 0 0 1 1 0 1 0/0 13:57 0:00 0:54
Alex Pietrangelo 0 1 1 1 0 2 1 2 0 1 0/0 27:42 2:12 0:17
Alex Tuch 0 0 0 -1 0 2 1 0 0 0 0/0 12:49 2:12 0:00
Andrew Copp 0 0 0 -1 0 0 1 0 0 0 0/0 9:20 0:00 1:07
Colton Parayko 0 1 1 1 0 0 1 4 0 0 0/0 25:57 0:00 1:22
Elias Pettersson 1 1 2 1 0 7 0 0 0 0 2/5 23:19 2:32 0:15
Evander Kane 0 0 0 -1 0 0 2 2 0 0 0/0 12:20 1:43 0:00
Jack Eichel 1 0 1 1 0 9 0 1 0 1 3/16 19:52 1:43 0:00
Jake Guentzel 0 0 0 0 0 2 1 0 0 0 0/0 18:26 2:32 0:00
Jake Sanderson 0 0 0 0 0 1 0 0 0 0 0/0 21:01 0:00 1:05
Lawson Crouse 0 0 0 -1 0 2 3 0 0 1 0/1 10:37 0:00 1:07
Mark Stone 0 1 1 1 0 2 1 1 1 0 0/2 19:52 1:43 0:00
Mikhail Sergachev 0 0 0 -1 2 1 1 3 0 1 0/0 22:09 2:02 0:00
Nick Leddy 0 1 1 0 0 0 0 1 0 0 0/0 14:51 0:00 0:54
Nico Sturm 0 0 0 -1 0 0 1 0 0 0 0/2 8:54 0:00 0:54
Robert Thomas 0 1 1 1 2 2 1 0 1 1 14/28 23:09 2:32 0:07
Tage Thompson 1 0 1 1 0 3 3 0 0 0 0/0 20:06 2:03 0:00
Yanni Gourde 0 0 0 -1 0 1 1 1 0 0 1/4 11:39 0:00 1:02
Players Stats for Edmonton Oilers
Player Name G A P +/- PIM S H SB GA TA FO MP PP MP PK MP
------------------------------------------------------------------------------------
Adrian Kempe 0 1 1 0 0 3 0 0 1 0 0/0 19:46 1:13 0:00
Alex Iafallo 0 0 0 1 0 0 1 0 0 0 0/1 14:08 0:00 1:34
Blake Wheeler 0 0 0 1 0 1 2 0 1 0 0/0 11:36 1:08 0:00
Boone Jenner 0 1 1 0 0 4 1 1 0 0 16/25 20:11 1:13 0:00
Brandon Carlo 0 0 0 0 0 0 1 1 0 0 0/0 24:43 0:00 2:14
Brett Pesce 0 0 0 0 0 0 2 2 0 0 0/0 20:07 0:51 0:17
Brock Boeser 0 1 1 -1 0 3 4 0 1 0 2/2 20:21 1:03 0:00
David Perron 1 0 1 0 0 3 2 1 0 0 0/0 17:40 1:03 0:07
Dawson Mercer 0 0 0 0 0 2 0 0 1 0 1/1 10:27 0:51 0:00
Derek Grant 0 0 0 0 0 0 1 1 0 0 4/5 10:37 0:00 2:34
Evan Bouchard 0 0 0 -1 0 1 0 0 0 0 0/0 25:48 1:25 2:01
Jacob Trouba 0 0 0 -1 0 2 1 1 0 1 0/0 24:57 0:17 2:14
Jake DeBrusk 2 0 2 0 0 4 1 0 1 0 0/1 17:21 1:03 0:00
Jeff Carter 0 0 0 1 0 1 2 0 0 1 2/2 11:42 0:00 1:26
Mikael Backlund 0 2 2 -1 0 3 1 0 0 0 13/21 21:06 1:03 0:15
Ryker Evans 0 0 0 1 4 0 2 0 0 0 0/0 14:09 0:00 0:00
Scott Mayfield 0 0 0 1 2 1 2 1 0 0 0/0 18:44 0:10 1:44
Tanner Jeannot 0 0 0 0 0 2 1 0 1 0 0/0 10:37 0:00 2:34
3 Stars
1 - Jake DeBrusk (EDM)
2 - Elias Pettersson (STL)
3 - Tage Thompson (STL)
Power Play
St.Louis Blues - 0 on 3 Attempt(s) - 0.00%
Edmonton Oilers - 0 on 2 Attempt(s) - 0.00%
Penalty Kill
St.Louis Blues - 2 on 2 Attempt(s) - 100.00%
- Score 0 goal in Penalty Kill
Edmonton Oilers - 3 on 3 Attempt(s) - 100.00%
- Score 0 goal in Penalty Kill
Team Stat
St.Louis Blues - Hits : 19 - Faceoff Wins : 20 - Blocked Shots : 16 - Penalty Minutes : 4
Edmonton Oilers - Hits : 24 - Faceoff Wins : 38 - Blocked Shots : 8 - Penalty Minutes : 6
Official
Referees : Tom Chmielewski and Dan O'Halloran
Linesman : John Grandt and Scott Cherrey
Game Notes
No Game Note
Finance
Level 1 -- Attendance: 5761 (96.02%) -- Ticket Income $518,490
Level 2 -- Attendance: 4691 (93.82%) -- Ticket Income $234,550
Level 3 -- Attendance: 2766 (92.20%) -- Ticket Income $82,980
Level 4 -- Attendance: 5000 (100.00%) -- Ticket Income $100,000
Luxury Box -- Attendance: 1000 (100.00%) -- Ticket Income $190,000
Game was played at the Rexall Place.
Total Attendance: 19218 (96.09%)
Total Ticket Income: $1,126,020
Other Income: $394,107
Total Income: $1,520,127
St.Louis Blues
5 vs 5 Forward
Center Left Wing Right Wing Time % Phy DF OF
1 Robert Thomas Elias Pettersson Tage Thompson 40 0 2 3
2 Jack Eichel Jake Guentzel Mark Stone 30 0 2 3
3 Yanni Gourde Alex Tuch Evander Kane 20 1 2 2
4 Nico Sturm Andrew Copp Lawson Crouse 10 1 3 1
5 vs 5 Defense
Defense Defense Time % Phy DF OF
1 Colton Parayko Alex Pietrangelo 45 1 2 2
2 Jake Sanderson Mikhail Sergachev 35 1 2 2
3 Nick Leddy Adam Pelech 20 1 2 2
4 Alex Pietrangelo Mikhail Sergachev 0 1 2 2
PowerPlay Forward
Center Left Wing Right Wing Time % Phy DF OF
1 Robert Thomas Elias Pettersson Jake Guentzel 60 1 0 4
2 Jack Eichel Evander Kane Mark Stone 40 1 0 4
PowerPlay Defense
Defense Defense Time % Phy DF OF
1 Tage Thompson Mikhail Sergachev 60 0 1 4
2 Alex Tuch Alex Pietrangelo 40 0 1 4
Penalty Kill 4 Players Forward
Center Wing Time % Phy DF OF
1 Nico Sturm Yanni Gourde 50 1 4 0
2 Andrew Copp Lawson Crouse 50 1 4 0
Penalty Kill 4 Players Defense
Defense Defense Time % Phy DF OF
1 Jake Sanderson Colton Parayko 50 1 4 0
2 Nick Leddy Adam Pelech 50 1 4 0
Penalty Kill - 3 Players Forward
Forward Time % Phy DF OF
1 Nico Sturm 50 0 5 0
2 Yanni Gourde 50 0 5 0
Penalty Kill - 3 Players Defense
Defense Defense Time % Phy DF OF
1 Jake Sanderson Colton Parayko 50 0 5 0
2 Adam Pelech Nick Leddy 50 0 5 0
4 vs 4 Forward
Center Wing Time % Phy DF OF
1 Robert Thomas Elias Pettersson 50 0 2 3
2 Jack Eichel Mark Stone 50 0 2 3
4 vs 4 Defense
Defense Defense Time % Phy DF OF
1 Alex Pietrangelo Colton Parayko 50 1 2 2
2 Mikhail Sergachev Jake Sanderson 50 1 2 2
Last Minutes Offensive
Center Left Wing Right Wing Defense Defense
Robert Thomas Elias Pettersson Mark Stone Tage Thompson Mikhail Sergachev
Last Minutes Defensive
Center Left Wing Right Wing Defense Defense
Nico Sturm Yanni Gourde Lawson Crouse Alex Pietrangelo Colton Parayko
Goaltenders
Starting : Scott Wedgewood
Backup : Connor Hellebuyck
Extra Forwards
Normal : Mark Stone, Elias Pettersson, Lawson Crouse - PP : Jake Guentzel, Elias Pettersson - PK : Robert Thomas
Extra Defensemen
Normal : Jake Sanderson, Nick Leddy, Colton Parayko - PP : Nick Leddy - PK : Jake Sanderson, Colton Parayko
Penalty Shots
Elias Pettersson, Tage Thompson, Robert Thomas, Alex Tuch, Mark Stone
Edmonton Oilers
5 vs 5 Forward
Center Left Wing Right Wing Time % Phy DF OF
1 Boone Jenner Adrian Kempe David Perron 34 1 1 3
2 Mikael Backlund Jake DeBrusk Brock Boeser 34 0 2 3
3 Jeff Carter Alex Iafallo Blake Wheeler 20 1 2 2
4 Derek Grant Tanner Jeannot Dawson Mercer 12 1 3 1
5 vs 5 Defense
Defense Defense Time % Phy DF OF
1 Jacob Trouba Brandon Carlo 35 1 3 1
2 Brett Pesce Evan Bouchard 35 0 2 3
3 Ryker Evans Scott Mayfield 25 1 3 1
4 Brandon Carlo Scott Mayfield 5 1 4 0
PowerPlay Forward
Center Left Wing Right Wing Time % Phy DF OF
1 Boone Jenner Adrian Kempe Brock Boeser 60 1 0 4
2 Mikael Backlund Jake DeBrusk David Perron 40 1 0 4
PowerPlay Defense
Defense Defense Time % Phy DF OF
1 Evan Bouchard Blake Wheeler 60 1 1 3
2 Brett Pesce Dawson Mercer 40 0 2 3
Penalty Kill 4 Players Forward
Center Wing Time % Phy DF OF
1 Derek Grant Tanner Jeannot 53 1 4 0
2 Jeff Carter Alex Iafallo 47 1 4 0
Penalty Kill 4 Players Defense
Defense Defense Time % Phy DF OF
1 Brandon Carlo Jacob Trouba 50 2 3 0
2 Scott Mayfield Evan Bouchard 50 2 3 0
Penalty Kill - 3 Players Forward
Forward Time % Phy DF OF
1 Derek Grant 50 1 4 0
2 Mikael Backlund 50 1 4 0
Penalty Kill - 3 Players Defense
Defense Defense Time % Phy DF OF
1 Brandon Carlo Jacob Trouba 50 1 4 0
2 Scott Mayfield Evan Bouchard 50 1 4 0
4 vs 4 Forward
Center Wing Time % Phy DF OF
1 Boone Jenner Adrian Kempe 50 1 2 2
2 Mikael Backlund Brock Boeser 50 0 2 3
4 vs 4 Defense
Defense Defense Time % Phy DF OF
1 Jacob Trouba Brandon Carlo 50 1 3 1
2 Scott Mayfield Evan Bouchard 50 1 1 3
Last Minutes Offensive
Center Left Wing Right Wing Defense Defense
Boone Jenner Adrian Kempe Brock Boeser Brett Pesce Evan Bouchard
Last Minutes Defensive
Center Left Wing Right Wing Defense Defense
Mikael Backlund Derek Grant Tanner Jeannot Brandon Carlo Scott Mayfield
Goaltenders
Starting : Juuse Saros
Backup : Matt Murray
Extra Forwards
Normal : Brock Boeser, Adrian Kempe, Boone Jenner - PP : Jake DeBrusk, Brock Boeser - PK : Mikael Backlund
Extra Defensemen
Normal : Evan Bouchard, Jacob Trouba, Brandon Carlo - PP : Jacob Trouba - PK : Brett Pesce, Brandon Carlo
Penalty Shots
Boone Jenner, Adrian Kempe, Brock Boeser, Jake DeBrusk, Dawson Mercer
% Time on Ice - St.Louis Blues
Lines # - Real PCT - Wanted PCT - Time Play
Normal Forward
1 - 35% - 40% - 17:52
2 - 30% - 30% - 15:21
3 - 20% - 20% - 10:34
4 - 15% - 10% - 8:00
Normal Defense
1 - 42% - 45% - 21:45
2 - 33% - 35% - 16:56
3 - 24% - 20% - 12:28
4 - 1% - 0% - 0:38
PP Forward
1 - 60% - 60% - 2:32
2 - 40% - 40% - 1:43
PP Defense
1 - 48% - 60% - 2:03
2 - 52% - 40% - 2:12
PK Forward
1 - 51% - 50% - 1:09
2 - 49% - 50% - 1:07
PK Defense
1 - 60% - 50% - 1:22
2 - 40% - 50% - 0:54
PK3 Forward
1 - 0% - 50%
2 - 0% - 50%
PK3 Defense
1 - 0% - 50%
2 - 0% - 50%
44 Forward
1 - 50% - 50% - 3:19
2 - 50% - 50% - 3:23
44 Defense
1 - 47% - 50% - 3:07
2 - 53% - 50% - 3:35
Last Minute Offensive - 0:00
Last Minute Defensive - 0:00
Total
Forward - 65:00
Defense - 65:00
|
% Time on Ice - Edmonton Oilers
Lines # - Real PCT - Wanted PCT - Time Play
Normal Forward
1 - 33% - 34% - 17:02
2 - 32% - 34% - 16:43
3 - 19% - 20% - 10:03
4 - 15% - 12% - 7:59
Normal Defense
1 - 36% - 35% - 18:33
2 - 36% - 35% - 18:44
3 - 25% - 25% - 13:07
4 - 3% - 5% - 1:23
PP Forward
1 - 54% - 60% - 1:13
2 - 46% - 40% - 1:03
PP Defense
1 - 50% - 60% - 1:08
2 - 50% - 40% - 1:08
PK Forward
1 - 66% - 53% - 2:49
2 - 34% - 47% - 1:26
PK Defense
1 - 53% - 50% - 2:14
2 - 47% - 50% - 2:01
PK3 Forward
1 - 0% - 50%
2 - 0% - 50%
PK3 Defense
1 - 0% - 50%
2 - 0% - 50%
44 Forward
1 - 50% - 50% - 3:23
2 - 50% - 50% - 3:19
44 Defense
1 - 41% - 50% - 2:46
2 - 59% - 50% - 3:56
Last Minute Offensive - 0:00
Last Minute Defensive - 0:00
Total
Forward - 65:00
Defense - 65:00
|
Play-by-Play
1st period
0:01 of 1st period - Boone Jenner wins face-off versus Robert Thomas in neutral zone.
0:04 of 1st period - Wrist shot by Adrian Kempe.
0:04 of 1st period - Shot Misses the Net.
0:27 of 1st period - Colton Parayko is hit by Mikael Backlund.
0:49 of 1st period - Jake Sanderson is hit by Jeff Carter and loses puck.
1:17 of 1st period - Wrist shot by Lawson Crouse.
1:17 of 1st period - Stopped by Juuse Saros with a rebound.
1:19 of 1st period - Slapshot by Mikhail Sergachev.
1:19 of 1st period - Shot Blocked by Derek Grant.
2:16 of 1st period - Adam Pelech is hit by Blake Wheeler and loses puck.
2:25 of 1st period - Nick Leddy is hit by Jeff Carter and loses puck.
2:44 of 1st period - Nico Sturm is hit by Brett Pesce and loses puck.
2:55 of 1st period - Wrist shot by Lawson Crouse.
2:55 of 1st period - Shot Blocked by David Perron.
3:01 of 1st period - Robert Thomas is hit by Scott Mayfield.
3:04 of 1st period - Icing by Elias Pettersson.
3:05 of 1st period - Mikael Backlund wins face-off versus Robert Thomas in St.Louis Blues zone.
3:06 of 1st period - Snap shot by Brock Boeser.
3:06 of 1st period - Stopped by Scott Wedgewood with a rebound.
3:28 of 1st period - Wrist shot by Robert Thomas.
3:28 of 1st period - Stopped by Juuse Saros with a rebound.
3:30 of 1st period - Snap shot by Elias Pettersson.
3:30 of 1st period - Stopped by Juuse Saros with a rebound.
3:34 of 1st period - Slapshot by Elias Pettersson.
3:34 of 1st period - Shot Misses the Net.
3:36 of 1st period - Wrist shot by Elias Pettersson.
3:36 of 1st period - Shot Misses the Net.
3:38 of 1st period - Slapshot by Alex Pietrangelo.
3:38 of 1st period - Deflect By Jacob Trouba.
3:38 of 1st period - Stopped by Juuse Saros with a rebound.
3:40 of 1st period - Slapshot by Colton Parayko.
3:40 of 1st period - Deflect By Elias Pettersson.
3:40 of 1st period - Goal by Elias Pettersson - St.Louis Blues : 1 - Edmonton Oilers : 0.
3:41 of 1st period - Boone Jenner wins face-off versus Jack Eichel in neutral zone.
3:52 of 1st period - Colton Parayko is hit by David Perron and loses puck.
4:07 of 1st period - Evan Bouchard is hit by Tage Thompson.
4:11 of 1st period - Tage Thompson is hit by Alex Iafallo.
4:58 of 1st period - Derek Grant is hit by Nico Sturm and loses puck.
5:38 of 1st period - Slapshot by Boone Jenner.
5:38 of 1st period - Stopped by Scott Wedgewood with a rebound.
5:40 of 1st period - Wrist shot by David Perron.
5:40 of 1st period - Stopped by Scott Wedgewood without a rebound.
5:41 of 1st period - Yanni Gourde wins face-off versus Boone Jenner in St.Louis Blues zone.
5:48 of 1st period - Slapshot by Boone Jenner.
5:48 of 1st period - Stopped by Scott Wedgewood without a rebound.
5:49 of 1st period - Boone Jenner wins face-off versus Yanni Gourde in St.Louis Blues zone.
5:52 of 1st period - Wrist shot by Boone Jenner.
5:52 of 1st period - Shot Hit the Post.
5:54 of 1st period - Wrist shot by Evan Bouchard.
5:54 of 1st period - Shot Misses the Net.
5:56 of 1st period - Slapshot by David Perron.
5:56 of 1st period - Stopped by Scott Wedgewood with a rebound.
6:13 of 1st period - Snap shot by Adrian Kempe.
6:13 of 1st period - Shot Blocked by Evander Kane.
6:15 of 1st period - Slapshot by Brandon Carlo.
6:15 of 1st period - Shot Blocked by Evander Kane.
6:17 of 1st period - Slapshot by Jacob Trouba.
6:17 of 1st period - Shot Blocked by Yanni Gourde.
6:19 of 1st period - Wrist shot by Boone Jenner.
6:19 of 1st period - Stopped by Scott Wedgewood without a rebound.
6:20 of 1st period - Mikael Backlund wins face-off versus Jack Eichel in St.Louis Blues zone.
6:21 of 1st period - Slapshot by Brock Boeser.
6:21 of 1st period - Stopped by Scott Wedgewood without a rebound.
6:22 of 1st period - Jack Eichel wins face-off versus Mikael Backlund in St.Louis Blues zone.
8:30 of 1st period - Icing by Robert Thomas.
8:31 of 1st period - Elias Pettersson wins face-off versus Boone Jenner in St.Louis Blues zone.
8:33 of 1st period - Icing by Tage Thompson.
8:34 of 1st period - Boone Jenner wins face-off versus Jack Eichel in St.Louis Blues zone.
8:37 of 1st period - Snap shot by Adrian Kempe.
8:37 of 1st period - Shot Misses the Net.
8:49 of 1st period - Slapshot by Adrian Kempe.
8:49 of 1st period - Stopped by Scott Wedgewood without a rebound.
8:50 of 1st period - Robert Thomas wins face-off versus Mikael Backlund in St.Louis Blues zone.
9:26 of 1st period - Wrist shot by Jack Eichel.
9:26 of 1st period - Stopped by Juuse Saros with a rebound.
9:28 of 1st period - Snap shot by Mark Stone.
9:28 of 1st period - Deflect By Jack Eichel.
9:28 of 1st period - Stopped by Juuse Saros with a rebound.
10:17 of 1st period - Slapshot by Alex Tuch.
10:17 of 1st period - Stopped by Juuse Saros without a rebound.
10:18 of 1st period - Mikael Backlund wins face-off versus Robert Thomas in Edmonton Oilers zone.
10:33 of 1st period - Snap shot by Mikael Backlund.
10:33 of 1st period - Stopped by Scott Wedgewood with a rebound.
10:35 of 1st period - Snap shot by Mikael Backlund.
10:35 of 1st period - Shot Blocked by Colton Parayko.
10:52 of 1st period - Slapshot by Evan Bouchard.
10:52 of 1st period - Shot Blocked by Colton Parayko.
10:54 of 1st period - Slapshot by Brett Pesce.
10:54 of 1st period - Deflect By Jeff Carter.
10:54 of 1st period - Stopped by Scott Wedgewood with a rebound.
11:29 of 1st period - Snap shot by Jake DeBrusk.
11:29 of 1st period - Goal by Jake DeBrusk - St.Louis Blues : 1 - Edmonton Oilers : 1.
11:30 of 1st period - Mikael Backlund wins face-off versus Robert Thomas in neutral zone.
11:43 of 1st period - Slapshot by Brock Boeser.
11:43 of 1st period - Shot Blocked by Mikhail Sergachev.
11:59 of 1st period - Mark Stone is hit by Blake Wheeler and loses puck.
12:58 of 1st period - Snap shot by Jake DeBrusk.
12:58 of 1st period - Stopped by Scott Wedgewood without a rebound.
12:59 of 1st period - Robert Thomas wins face-off versus Mikael Backlund in St.Louis Blues zone.
13:08 of 1st period - Slapshot by Robert Thomas.
13:08 of 1st period - Shot Misses the Net.
13:26 of 1st period - Scott Mayfield is hit by Colton Parayko and loses puck.
13:55 of 1st period - Wrist shot by David Perron.
13:55 of 1st period - Shot Misses the Net.
13:57 of 1st period - Wrist shot by Adrian Kempe.
13:57 of 1st period - Shot Misses the Net.
13:59 of 1st period - Slapshot by Scott Mayfield.
13:59 of 1st period - Stopped by Scott Wedgewood without a rebound.
14:00 of 1st period - Mikael Backlund wins face-off versus Robert Thomas in St.Louis Blues zone.
14:03 of 1st period - Snap shot by Brock Boeser.
14:03 of 1st period - Shot Blocked by Adam Pelech.
14:27 of 1st period - Jake Guentzel is hit by Boone Jenner.
15:25 of 1st period - Elias Pettersson is hit by Jacob Trouba and loses puck.
15:36 of 1st period - Ryker Evans is hit by Andrew Copp and loses puck.
16:01 of 1st period - Jake Guentzel is hit by Ryker Evans and loses puck.
16:06 of 1st period - Snap shot by David Perron.
16:06 of 1st period - Shot Blocked by Jack Eichel.
16:08 of 1st period - Snap shot by Adrian Kempe.
16:08 of 1st period - Shot Blocked by Alex Pietrangelo.
16:46 of 1st period - Adam Pelech is hit by Derek Grant and loses puck.
17:07 of 1st period - Slapshot by Robert Thomas.
17:07 of 1st period - Shot Misses the Net.
17:09 of 1st period - Wrist shot by Robert Thomas.
17:09 of 1st period - Deflect By Elias Pettersson.
17:09 of 1st period - Stopped by Juuse Saros with a rebound.
17:11 of 1st period - Wrist shot by Elias Pettersson.
17:11 of 1st period - Shot Misses the Net.
17:23 of 1st period - Snap shot by Elias Pettersson.
17:23 of 1st period - Stopped by Juuse Saros without a rebound.
17:24 of 1st period - Boone Jenner wins face-off versus Yanni Gourde in Edmonton Oilers zone.
17:26 of 1st period - Minor Penalty to Ryker Evans for Hooking.
17:27 of 1st period - Derek Grant wins face-off versus Jack Eichel in Edmonton Oilers zone.
18:10 of 1st period - Snap shot by Tanner Jeannot.
18:10 of 1st period - Stopped by Scott Wedgewood with a rebound.
18:12 of 1st period - Slapshot by Jacob Trouba.
18:12 of 1st period - Shot Hit the Post.
18:26 of 1st period - Slapshot by Alex Tuch.
18:26 of 1st period - Deflect By Robert Thomas.
18:26 of 1st period - Shot Misses the Net.
18:26 of 1st period - Puck is out of play.
18:27 of 1st period - Jeff Carter wins face-off versus Mark Stone in Edmonton Oilers zone.
19:24 of 1st period - Brandon Carlo is hit by Evander Kane and loses puck.
19:26 of 1st period - Penalty to Ryker Evans is over, Ryker Evans is back on ice.
19:47 of 1st period - Lawson Crouse is hit by Brandon Carlo and loses puck.
Goals for this period are 1 for St.Louis Blues vs 1 for Edmonton Oilers.
Shots for this period are 10 for St.Louis Blues vs 14 for Edmonton Oilers.
2nd period
0:01 of 2nd period - Robert Thomas wins face-off versus Jake DeBrusk in neutral zone.
0:06 of 2nd period - Snap shot by Tage Thompson.
0:06 of 2nd period - Stopped by Juuse Saros without a rebound.
0:07 of 2nd period - Mikael Backlund wins face-off versus Robert Thomas in Edmonton Oilers zone.
0:34 of 2nd period - Snap shot by Jake DeBrusk.
0:34 of 2nd period - Shot Blocked by Alex Pietrangelo.
1:02 of 2nd period - Wrist shot by Elias Pettersson.
1:02 of 2nd period - Stopped by Juuse Saros without a rebound.
1:03 of 2nd period - Boone Jenner wins face-off versus Jack Eichel in Edmonton Oilers zone.
1:32 of 2nd period - Off-side.
1:33 of 2nd period - Jeff Carter wins face-off versus Yanni Gourde in neutral zone.
1:51 of 2nd period - Minor Penalty to Scott Mayfield for Delaying the game.
1:52 of 2nd period - Derek Grant wins face-off versus Robert Thomas in Edmonton Oilers zone.
1:52 of 2nd period - Derek Grant is hit by Tage Thompson.
2:08 of 2nd period - Minor Penalty to Mikhail Sergachev for Charging.
2:09 of 2nd period - Boone Jenner wins face-off versus Elias Pettersson in St.Louis Blues zone.
2:21 of 2nd period - Wrist shot by Adrian Kempe.
2:21 of 2nd period - Shot Misses the Net.
2:40 of 2nd period - Wrist shot by Jack Eichel.
2:40 of 2nd period - Stopped by Juuse Saros with a rebound.
2:42 of 2nd period - Backhand shot by Mark Stone.
2:42 of 2nd period - Stopped by Juuse Saros without a rebound.
2:43 of 2nd period - Brock Boeser wins face-off versus Jack Eichel in Edmonton Oilers zone.
2:52 of 2nd period - Snap shot by Mikael Backlund.
2:52 of 2nd period - Stopped by Scott Wedgewood without a rebound.
2:53 of 2nd period - Mikael Backlund wins face-off versus Jack Eichel in St.Louis Blues zone.
3:02 of 2nd period - Snap shot by Mikael Backlund.
3:02 of 2nd period - Shot Misses the Net.
3:24 of 2nd period - Slapshot by Mikael Backlund.
3:24 of 2nd period - Stopped by Scott Wedgewood with a rebound.
3:36 of 2nd period - Snap shot by Jack Eichel.
3:36 of 2nd period - Goal by Jack Eichel - St.Louis Blues : 2 - Edmonton Oilers : 1.
3:37 of 2nd period - Robert Thomas wins face-off versus Boone Jenner in neutral zone.
3:51 of 2nd period - Penalty to Scott Mayfield is over, Scott Mayfield is back on ice.
4:08 of 2nd period - Penalty to Mikhail Sergachev is over, Mikhail Sergachev is back on ice.
4:14 of 2nd period - Wrist shot by David Perron.
4:14 of 2nd period - Shot Blocked by Colton Parayko.
4:16 of 2nd period - Snap shot by Mikael Backlund.
4:16 of 2nd period - Shot Misses the Net.
4:36 of 2nd period - Snap shot by Jack Eichel.
4:36 of 2nd period - Stopped by Juuse Saros without a rebound.
4:37 of 2nd period - Robert Thomas wins face-off versus Boone Jenner in Edmonton Oilers zone.
5:38 of 2nd period - Jeff Carter is hit by Evander Kane and loses puck.
6:14 of 2nd period - Wrist shot by Blake Wheeler.
6:14 of 2nd period - Stopped by Scott Wedgewood without a rebound.
6:15 of 2nd period - Robert Thomas wins face-off versus Boone Jenner in St.Louis Blues zone.
6:43 of 2nd period - Off-side.
6:44 of 2nd period - Derek Grant wins face-off versus Mark Stone in neutral zone.
6:55 of 2nd period - Wrist shot by Dawson Mercer.
6:55 of 2nd period - Deflect By Tanner Jeannot.
6:55 of 2nd period - Shot Blocked by Mikhail Sergachev.
6:55 of 2nd period - Puck is out of play.
6:56 of 2nd period - Boone Jenner wins face-off versus Robert Thomas in St.Louis Blues zone.
7:05 of 2nd period - Slapshot by Alex Pietrangelo.
7:05 of 2nd period - Stopped by Juuse Saros without a rebound.
7:06 of 2nd period - Boone Jenner wins face-off versus Robert Thomas in Edmonton Oilers zone.
7:15 of 2nd period - Wrist shot by Adrian Kempe.
7:15 of 2nd period - Shot Misses the Net.
7:29 of 2nd period - Snap shot by Tage Thompson.
7:29 of 2nd period - Goal by Tage Thompson - St.Louis Blues : 3 - Edmonton Oilers : 1.
7:30 of 2nd period - Mikael Backlund wins face-off versus Jack Eichel in neutral zone.
7:41 of 2nd period - Snap shot by Brock Boeser.
7:41 of 2nd period - Shot Blocked by Mark Stone.
7:43 of 2nd period - Snap shot by Jake DeBrusk.
7:43 of 2nd period - Stopped by Scott Wedgewood with a rebound.
7:45 of 2nd period - Slapshot by Jacob Trouba.
7:45 of 2nd period - Stopped by Scott Wedgewood without a rebound.
7:46 of 2nd period - Boone Jenner wins face-off versus Robert Thomas in St.Louis Blues zone.
7:49 of 2nd period - Wrist shot by Adrian Kempe.
7:49 of 2nd period - Stopped by Scott Wedgewood without a rebound.
7:50 of 2nd period - Boone Jenner wins face-off versus Robert Thomas in St.Louis Blues zone.
7:59 of 2nd period - Snap shot by Adrian Kempe.
7:59 of 2nd period - Stopped by Scott Wedgewood with a rebound.
8:01 of 2nd period - Wrist shot by David Perron.
8:01 of 2nd period - Goal by David Perron - St.Louis Blues : 3 - Edmonton Oilers : 2.
8:02 of 2nd period - Mikael Backlund wins face-off versus Jack Eichel in neutral zone.
8:29 of 2nd period - Evan Bouchard is hit by Alex Tuch and loses puck.
9:14 of 2nd period - Derek Grant is hit by Lawson Crouse and loses puck.
9:19 of 2nd period - Wrist shot by Lawson Crouse.
9:19 of 2nd period - Stopped by Juuse Saros without a rebound.
9:20 of 2nd period - Jack Eichel wins face-off versus Mikael Backlund in Edmonton Oilers zone.
9:53 of 2nd period - Snap shot by Tage Thompson.
9:53 of 2nd period - Shot Misses the Net.
9:55 of 2nd period - Snap shot by Elias Pettersson.
9:55 of 2nd period - Shot Misses the Net.
10:29 of 2nd period - Scott Mayfield is hit by Lawson Crouse and loses puck.
11:05 of 2nd period - Minor Penalty to Ryker Evans for Goalie Interference.
11:06 of 2nd period - Derek Grant wins face-off versus Elias Pettersson in Edmonton Oilers zone.
11:15 of 2nd period - Snap shot by Derek Grant.
11:15 of 2nd period - Shot Misses the Net.
11:17 of 2nd period - Slapshot by Evan Bouchard.
11:17 of 2nd period - Stopped by Scott Wedgewood without a rebound.
11:18 of 2nd period - Robert Thomas wins face-off versus Derek Grant in St.Louis Blues zone.
13:05 of 2nd period - Penalty to Ryker Evans is over, Ryker Evans is back on ice.
13:20 of 2nd period - Tage Thompson is hit by Brock Boeser and loses puck.
14:27 of 2nd period - Brandon Carlo is hit by Alex Pietrangelo and loses puck.
15:13 of 2nd period - Adam Pelech is hit by Ryker Evans and loses puck.
15:34 of 2nd period - Wrist shot by Dawson Mercer.
15:34 of 2nd period - Stopped by Scott Wedgewood without a rebound.
15:35 of 2nd period - Mikael Backlund wins face-off versus Nico Sturm in St.Louis Blues zone.
16:03 of 2nd period - Slapshot by Alex Tuch.
16:03 of 2nd period - Shot Misses the Net.
16:05 of 2nd period - Snap shot by Yanni Gourde.
16:05 of 2nd period - Shot Misses the Net.
16:09 of 2nd period - Snap shot by Alex Tuch.
16:09 of 2nd period - Stopped by Juuse Saros without a rebound.
16:10 of 2nd period - Boone Jenner wins face-off versus Elias Pettersson in Edmonton Oilers zone.
17:26 of 2nd period - Snap shot by Jacob Trouba.
17:26 of 2nd period - Stopped by Scott Wedgewood with a rebound.
18:08 of 2nd period - Wrist shot by Elias Pettersson.
18:08 of 2nd period - Stopped by Juuse Saros without a rebound.
18:09 of 2nd period - Robert Thomas wins face-off versus Boone Jenner in Edmonton Oilers zone.
18:33 of 2nd period - Icing by Boone Jenner.
18:34 of 2nd period - Boone Jenner wins face-off versus Jack Eichel in Edmonton Oilers zone.
19:25 of 2nd period - Wrist shot by Dawson Mercer.
19:25 of 2nd period - Shot Misses the Net.
19:27 of 2nd period - Snap shot by Dawson Mercer.
19:27 of 2nd period - Stopped by Scott Wedgewood with a rebound.
19:29 of 2nd period - Snap shot by Brett Pesce.
19:29 of 2nd period - Shot Blocked by Nick Leddy.
19:31 of 2nd period - Wrist shot by Tanner Jeannot.
19:31 of 2nd period - Stopped by Scott Wedgewood with a rebound.
19:47 of 2nd period - Andrew Copp is hit by Brock Boeser and loses puck.
Goals for this period are 2 for St.Louis Blues vs 1 for Edmonton Oilers.
Shots for this period are 11 for St.Louis Blues vs 13 for Edmonton Oilers.
3rd period
0:01 of 3rd period - Boone Jenner wins face-off versus Robert Thomas in neutral zone.
0:26 of 3rd period - Alex Pietrangelo is hit by Brock Boeser and loses puck.
1:17 of 3rd period - Snap shot by Elias Pettersson.
1:17 of 3rd period - Shot Misses the Net.
1:19 of 3rd period - Slapshot by Mikhail Sergachev.
1:19 of 3rd period - Shot Misses the Net.
2:03 of 3rd period - Slapshot by Brock Boeser.
2:03 of 3rd period - Shot Misses the Net.
2:22 of 3rd period - Wrist shot by Elias Pettersson.
2:22 of 3rd period - Stopped by Juuse Saros without a rebound.
2:23 of 3rd period - Boone Jenner wins face-off versus Jack Eichel in Edmonton Oilers zone.
2:23 of 3rd period - Boone Jenner is hit by Jake Guentzel.
2:33 of 3rd period - Brett Pesce is hit by Adam Pelech and loses puck.
3:32 of 3rd period - Colton Parayko is hit by Tanner Jeannot and loses puck.
4:37 of 3rd period - Colton Parayko is hit by Scott Mayfield and loses puck.
5:37 of 3rd period - Wrist shot by Jack Eichel.
5:37 of 3rd period - Shot Misses the Net.
5:39 of 3rd period - Wrist shot by Mark Stone.
5:39 of 3rd period - Stopped by Juuse Saros without a rebound.
5:40 of 3rd period - Robert Thomas wins face-off versus Boone Jenner in Edmonton Oilers zone.
6:09 of 3rd period - Snap shot by Yanni Gourde.
6:09 of 3rd period - Stopped by Juuse Saros with a rebound.
6:11 of 3rd period - Wrist shot by Yanni Gourde.
6:11 of 3rd period - Shot Misses the Net.
6:13 of 3rd period - Wrist shot by Alex Tuch.
6:13 of 3rd period - Shot Misses the Net.
6:15 of 3rd period - Slapshot by Evander Kane.
6:15 of 3rd period - Shot Misses the Net.
6:49 of 3rd period - Ryker Evans is hit by Mikhail Sergachev and loses puck.
7:10 of 3rd period - Brandon Carlo is hit by Tage Thompson and loses puck.
7:24 of 3rd period - Boone Jenner is hit by Robert Thomas and loses puck.
7:35 of 3rd period - Jacob Trouba is hit by Mark Stone and loses puck.
8:04 of 3rd period - Wrist shot by Brock Boeser.
8:04 of 3rd period - Shot Misses the Net.
8:06 of 3rd period - Wrist shot by Jake DeBrusk.
8:06 of 3rd period - Goal by Jake DeBrusk - St.Louis Blues : 3 - Edmonton Oilers : 3.
8:07 of 3rd period - Robert Thomas wins face-off versus Mikael Backlund in neutral zone.
8:15 of 3rd period - Slapshot by Jake DeBrusk.
8:15 of 3rd period - Shot Blocked by Colton Parayko.
8:17 of 3rd period - Slapshot by Jacob Trouba.
8:17 of 3rd period - Shot Misses the Net.
8:19 of 3rd period - Wrist shot by Mikael Backlund.
8:19 of 3rd period - Deflect By Brock Boeser.
8:19 of 3rd period - Stopped by Scott Wedgewood without a rebound.
8:20 of 3rd period - Mikael Backlund wins face-off versus Robert Thomas in St.Louis Blues zone.
8:56 of 3rd period - Off-side.
8:57 of 3rd period - Robert Thomas wins face-off versus Alex Iafallo in neutral zone.
9:02 of 3rd period - Slapshot by Robert Thomas.
9:02 of 3rd period - Shot Blocked by Jacob Trouba.
9:04 of 3rd period - Snap shot by Elias Pettersson.
9:04 of 3rd period - Shot Misses the Net.
9:06 of 3rd period - Snap shot by Elias Pettersson.
9:06 of 3rd period - Shot Misses the Net.
9:08 of 3rd period - Backhand shot by Tage Thompson.
9:08 of 3rd period - Stopped by Juuse Saros with a rebound.
9:10 of 3rd period - Slapshot by Jake Sanderson.
9:10 of 3rd period - Shot Misses the Net.
9:12 of 3rd period - Wrist shot by Robert Thomas.
9:12 of 3rd period - Stopped by Juuse Saros with a rebound.
9:22 of 3rd period - Jake Guentzel is hit by Brock Boeser and loses puck.
9:53 of 3rd period - Slapshot by Mikhail Sergachev.
9:53 of 3rd period - Stopped by Juuse Saros with a rebound.
10:33 of 3rd period - Slapshot by Lawson Crouse.
10:33 of 3rd period - Shot Blocked by Brett Pesce.
10:35 of 3rd period - Snap shot by Lawson Crouse.
10:35 of 3rd period - Deflect By Andrew Copp.
10:35 of 3rd period - Shot Misses the Net.
10:35 of 3rd period - Puck is out of play.
10:36 of 3rd period - Mikael Backlund wins face-off versus Robert Thomas in Edmonton Oilers zone.
10:53 of 3rd period - Snap shot by Mikael Backlund.
10:53 of 3rd period - Shot Misses the Net.
12:09 of 3rd period - Icing by Nick Leddy.
12:10 of 3rd period - Robert Thomas wins face-off versus Mikael Backlund in St.Louis Blues zone.
12:25 of 3rd period - Wrist shot by Mikael Backlund.
12:25 of 3rd period - Shot Misses the Net.
12:39 of 3rd period - Wrist shot by Jake Guentzel.
12:39 of 3rd period - Shot Blocked by Brett Pesce.
12:41 of 3rd period - Snap shot by Jake Guentzel.
12:41 of 3rd period - Stopped by Juuse Saros without a rebound.
12:42 of 3rd period - Boone Jenner wins face-off versus Jack Eichel in Edmonton Oilers zone.
13:03 of 3rd period - Slapshot by Jake Guentzel.
13:03 of 3rd period - Stopped by Juuse Saros with a rebound.
13:05 of 3rd period - Snap shot by Mark Stone.
13:05 of 3rd period - Shot Blocked by Brandon Carlo.
13:13 of 3rd period - Wrist shot by Boone Jenner.
13:13 of 3rd period - Shot Blocked by Mikhail Sergachev.
13:15 of 3rd period - Wrist shot by Boone Jenner.
13:15 of 3rd period - Stopped by Scott Wedgewood without a rebound.
13:16 of 3rd period - Elias Pettersson wins face-off versus Mikael Backlund in St.Louis Blues zone.
13:16 of 3rd period - Elias Pettersson is hit by Jake DeBrusk.
13:44 of 3rd period - Brett Pesce is hit by Yanni Gourde and loses puck.
14:05 of 3rd period - Wrist shot by Lawson Crouse.
14:05 of 3rd period - Shot Blocked by Scott Mayfield.
14:23 of 3rd period - Wrist shot by Jack Eichel.
14:23 of 3rd period - Stopped by Juuse Saros with a rebound.
14:25 of 3rd period - Slapshot by Jack Eichel.
14:25 of 3rd period - Stopped by Juuse Saros with a rebound.
14:27 of 3rd period - Slapshot by Jake Sanderson.
14:27 of 3rd period - Stopped by Juuse Saros without a rebound.
14:28 of 3rd period - Mikael Backlund wins face-off versus Jack Eichel in Edmonton Oilers zone.
14:45 of 3rd period - Snap shot by Brock Boeser.
14:45 of 3rd period - Shot Misses the Net.
14:55 of 3rd period - Mikhail Sergachev is hit by Brett Pesce.
15:24 of 3rd period - Wrist shot by Yanni Gourde.
15:24 of 3rd period - Shot Blocked by Boone Jenner.
15:47 of 3rd period - Minor Penalty to Robert Thomas for High sticking.
15:48 of 3rd period - Brock Boeser wins face-off versus Nico Sturm in St.Louis Blues zone.
16:14 of 3rd period - Nico Sturm is hit by David Perron and loses puck.
16:25 of 3rd period - Slapshot by Adam Pelech.
16:25 of 3rd period - Shot Hit the Post.
17:47 of 3rd period - Penalty to Robert Thomas is over, Robert Thomas is back on ice.
17:59 of 3rd period - Slapshot by Jack Eichel.
17:59 of 3rd period - Stopped by Juuse Saros without a rebound.
18:00 of 3rd period - Jack Eichel wins face-off versus Mikael Backlund in Edmonton Oilers zone.
18:19 of 3rd period - Snap shot by Jack Eichel.
18:19 of 3rd period - Stopped by Juuse Saros with a rebound.
19:36 of 3rd period - Icing by Evan Bouchard.
19:37 of 3rd period - Robert Thomas wins face-off versus Boone Jenner in Edmonton Oilers zone.
Goals for this period are 0 for St.Louis Blues vs 1 for Edmonton Oilers.
Shots for this period are 13 for St.Louis Blues vs 3 for Edmonton Oilers.
Overtime #1
0:01 of 1st overtime period - Robert Thomas wins face-off versus Boone Jenner in neutral zone.
3:17 of 1st overtime period - Icing by Boone Jenner.
3:18 of 1st overtime period - Dawson Mercer wins face-off versus Lawson Crouse in Edmonton Oilers zone.
3:18 of 1st overtime period - Dawson Mercer is hit by Lawson Crouse.
Goals for this period are 0 for St.Louis Blues vs 0 for Edmonton Oilers.
Shots for this period are 0 for St.Louis Blues vs 0 for Edmonton Oilers.
ShootOut
5:00 of 1st overtime period - Round #1.
5:00 of 1st overtime period - St.Louis Blues, Elias Pettersson.
5:00 of 1st overtime period - Snap shot by Elias Pettersson.
5:00 of 1st overtime period - Stopped by Juuse Saros.
5:00 of 1st overtime period - Edmonton Oilers, Boone Jenner.
5:00 of 1st overtime period - Backhand shot by Boone Jenner.
5:00 of 1st overtime period - Stopped by Scott Wedgewood.
5:00 of 1st overtime period - Round #2.
5:00 of 1st overtime period - St.Louis Blues, Tage Thompson.
5:00 of 1st overtime period - Wrist shot by Tage Thompson.
5:00 of 1st overtime period - Goal by Tage Thompson.
5:00 of 1st overtime period - Edmonton Oilers, Adrian Kempe.
5:00 of 1st overtime period - Snap shot by Adrian Kempe.
5:00 of 1st overtime period - Stopped by Scott Wedgewood.
5:00 of 1st overtime period - Round #3.
5:00 of 1st overtime period - St.Louis Blues, Robert Thomas.
5:00 of 1st overtime period - Backhand shot by Robert Thomas.
5:00 of 1st overtime period - Stopped by Juuse Saros.
5:00 of 1st overtime period - Edmonton Oilers, Brock Boeser.
5:00 of 1st overtime period - Deke by Brock Boeser.
5:00 of 1st overtime period - Goal by Brock Boeser.
5:00 of 1st overtime period - Round #4.
5:00 of 1st overtime period - St.Louis Blues, Alex Tuch.
5:00 of 1st overtime period - Wrist shot by Alex Tuch.
5:00 of 1st overtime period - Goal by Alex Tuch.
5:00 of 1st overtime period - Edmonton Oilers, Jake DeBrusk.
5:00 of 1st overtime period - Deke by Jake DeBrusk.
5:00 of 1st overtime period - Stopped by Scott Wedgewood.
Back to the Top